 Dungeon Crawl Stone Soup version 0.19-a0-1068-g99dd0f4 (webtiles) character file.

49 poirepourri the Bolt Thrower (level 4, 34/34 HPs)
             Began as a Formicid Hunter on Aug 4, 2016.
             Quit the game on level 1 of the Dungeon.
             The game lasted 00:01:41 (1086 turns).

poirepourri the Bolt Thrower (Formicid Hunter)      Turns: 1086, Time: 00:01:42

Health: 34/34      AC:  5    Str: 16    XL:     4   Next: 1%
Magic:  4/4        EV: 12    Int: 11    God:
Gold:   43         SH:  0    Dex: 12    Spells: 0 memorised, 3 levels left

rFire  . . .     SeeInvis +     b - +0 short sword
rCold  . . .     Gourm    .     c - +1 leather armour
rNeg   . . .     Faith    .     (no shield)
rPois  .         Spirit   .     (helmet unavailable)
rElec  .         Dismiss  .     (no cloak)
rCorr  .         Reflect  .     (no gloves)
SustAt .         Harm     .     m - +0 pair of boots
MR     .....                    (no amulet)
Stlth  +.........               (no ring)
                                (no ring)

@:
A: permanent stasis, dig shafts and tunnels, four strong arms, antennae 3
a: Dig, Shaft Self


You were on level 1 of the Dungeon.
You were hungry.

You visited 1 branch of the dungeon, and saw 1 of its levels.

You collected 43 gold pieces.

Inventory:

Hand Weapons
 a - a +1 hand crossbow
 b - a +0 short sword (weapon)
Missiles
 d - 12 bolts
Armour
 c - a +1 leather armour (worn)
 m - a +0 pair of boots (worn)
Jewellery
 j - an uncursed ring of flight {unknown}
Potions
 h - 3 potions of ambrosia
 l - a potion of lignification {unknown}
Comestibles
 f - a bread ration
 g - a meat ration


   Skills:
 + Level 2.4 Fighting
 + Level 5.0 Crossbows
 + Level 0.4 Armour
 + Level 2.0 Dodging
 - Level 1.2 Stealth


You had 3 spell levels left.
You didn't know any spells.

Dungeon Overview and Level Annotations

Branches:
Dungeon (1/15)

Altars:


Innate Abilities, Weirdness & Mutations

You are under a permanent stasis effect.
You can dig through walls and to a lower floor.
Your four strong arms can wield two-handed weapons with a shield.
You have a pair of large antennae on your head. (SInv)


Message History

You feel clever.
You start resting.
You sense a monster nearby.
You start resting.
HP restored.
You start waiting.
Done waiting.
You start waiting.
You are feeling hungry.
Things that are here:
a kobold skeleton; a jackal skeleton
d - 4 bolts
d - 5 bolts (gained 1)
d - 7 bolts (gained 2)
d - 8 bolts (gained 1)
d - 12 bolts (gained 4)
You see here 3 stones.
There is an open door here.
The rat is too close now for your liking.
Are you sure you want to abandon this character and quit the game? (Confirm with "yes".)

##......##.....## #.###..##
##.>.#.##...#..######.##....#
#..............÷.....##.##..
#..###############...##.###.
#..#.............#..♣#♣.♣#♣.
#..#............ #.#......## #..#
........{ #.#♣.♣.♣.♣# ###
#..#######'#######.......... ..#
##..#.......@.....#..♣.♣.♣.♣#
..###...'⌠....###....⌠'........#
P.##....#.r....<......#.#♣#♣#♣.♣#
.P......#..⌠...>...⌠..#......##..
..###...###+#######'###...##.####
..###.#.............(...........#
P.##..#####.....................#
..##.## ########.####..........
..##.# #.####..........


You could see a rat (wandering).

Vanquished Creatures
  2 oozes (D:1)
  2 dart slugs (D:1)
  2 giant geckos (D:1)
  4 giant cockroaches (D:1)
  4 goblins (D:1)
  4 hobgoblins (D:1)
  4 jackals (D:1)
  A ball python (D:1)
  3 bats (D:1)
  2 kobolds (D:1)
  3 rats (D:1)
31 creatures vanquished.

Notes
Turn   | Place    | Note
-------+----------+-------------------------------------------
     0 | D:1      | poirepourri the Formicid Hunter began the quest for the Orb.
     0 | D:1      | Reached XP level 1. HP: 16/16 MP: 1/1
     1 | D:1      | Found a runed door.
    44 | D:1      | Reached XP level 2. HP: 12/22 MP: 2/2
   167 | D:1      | Reached XP level 3. HP: 27/28 MP: 3/3
   767 | D:1      | Reached skill level 5 in Crossbows
   800 | D:1      | Reached XP level 4. HP: 16/34 MP: 4/4
  1086 | D:1      | Quit the game

Vault maps used:
D:1:      dpeg_arrival_caged_fury, serial_forest, infiniplex_forest_end_3,
          infiniplex_forest_corner_1, infiniplex_forest_lined_room_2,
          infiniplex_forest_lined_room_, infiniplex_forest_clump_curved,
          infiniplex_forest_zigzag_1, infiniplex_forest_clump_small

Skill      XL: |  1  2  3 |
---------------+----------+-----
Crossbows      | 5 |  5.0
Dodging        | 2 |  2.0
Fighting       | |  2.4
Armour         | |  0.4
Stealth        | |  1.2

Action                   |  1- 3 |  4- 6 || total
-------------------------+-------+-------++-------
Melee: Short sword       |    53 |       ||    53
 Fire: Hand crossbow     |    57 |       ||    57
  Use: Scroll            |     3 |       ||     3
Armor: Leather armour    |    22 |       ||    22
Dodge: Dodged            |    66 |       ||    66
